 Dungeon Crawl Stone Soup version 0.26-a0-307-g4e7fcc93f0 (webtiles) character file.

Game seed: 6819702582512391335

434 ANON1729 the Conjurer (level 6, 0/45 HPs)
             Began as a Draconian Conjurer on July 15, 2020.
             Slain by Duvessa
             ... wielding a +0 rapier
              (9 damage)
             ... on level 5 of the Dungeon.
             The game lasted 00:07:02 (5011 turns).

ANON1729 the Conjurer (Draconian Conjurer)          Turns: 5011, Time: 00:07:03

Health: 0/45       AC:  6    Str: 10    XL:     6   Next: 67%
Magic:  3/11       EV: 13    Int: 24    God:
Gold:   162        SH:  0    Dex: 14    Spells: 2/12 levels left

rFire    . . .     SeeInvis +   a - +6 whip "Dow Dem" {pain, MR++ Int+4 Dex+5}
rCold    . . .     Faith    .   (no shield)
rNeg     . . .     Spirit   .   (armour unavailable)
rPois    .         Reflect  .   (helmet restricted)
rElec    .         Harm     .   (no cloak)
rCorr    .                      (no gloves)
MR       +++..                  (no boots)
Stlth    ++........             k - amulet of the acrobat
HPRegen  0.15/turn              e - ring of protection from magic
MPRegen  0.12/turn              p - ring of see invisible

@: no status effects
A: unfitting armour, cold-blooded, AC +6
a: no special abilities


You were on level 5 of the Dungeon.
You visited 1 branch of the dungeon, and saw 5 of its levels.

You collected 162 gold pieces.

Inventory:

Hand Weapons
 a - the +6 whip "Dow Dem" (weapon) {pain, MR++ Int+4 Dex+5}
   (You found it on level 4 of the Dungeon)

   In the hands of one skilled in necromantic magic, it inflicts extra damage on
   living creatures.
   It affects your intelligence (+4).
   It affects your dexterity (+5).
   It affects your resistance to hostile enchantments.
 b - a +4 whip of holy wrath
Missiles
 n - 23 poisoned darts (quivered)
Jewellery
 e - a ring of protection from magic (left hand)
 k - an amulet of the acrobat (around neck)
 p - a ring of see invisible (right hand)
Scrolls
 d - 4 scrolls of remove curse
 i - a scroll of amnesia
 j - 2 scrolls of enchant weapon
 o - a scroll of fear
 q - a scroll of magic mapping
Potions
 c - a potion of cancellation {unknown}
 g - 6 potions of curing
 h - a potion of heal wounds {unknown}
 l - a potion of stabbing {unknown}
 m - a potion of lignification {unknown}


   Skills:
 + Level 3.1 Dodging
 + Level 3.1 Stealth
 * Level 3.9 Spellcasting
 * Level 5.5 Conjurations
 + Level 1.4 Hexes


You had 2 spell levels left.
You knew the following spells:

 Your Spells              Type           Power        Failure   Level
a - Magic Dart            Conj           ####         1%          1
b - Searing Ray           Conj           ####..       1%          2
c - Dazzling Flash        Conj/Hex       ###...       7%          3
d - Fulminant Prism       Conj/Hex       ###.......   24%         4

Your spell library contained the following spells:

 Spells                   Type           Power        Failure   Level
 Iskenderun's Mystic Bla  Conj/Tloc      ###.....     30%         4


Dungeon Overview and Level Annotations

Branches:
Dungeon (5/15)
 Temple: D:4-7

Altars:

Annotations:
D:5 Duvessa


Innate Abilities, Weirdness & Mutations

Your plain brown scales are hard. (AC +6)
You cannot fit into any form of body armour.
You are cold-blooded and may be slowed by cold attacks.


Message History

The searing ray hits Duvessa but does no damage.
Duvessa is almost dead.
The searing ray hits Dowan!
You kill Dowan!
Duvessa screams, "No!
How DARE you!"
Duvessa goes berserk!
Duvessa barely misses you.
The searing ray misses Duvessa.
Duvessa completely misses you.
The searing ray hits Duvessa but does no damage.
Duvessa is almost dead.
You finish channeling your searing ray.
You hear the slow rusting of a distant drain.
Duvessa closely misses you. Duvessa hits you with a +0 rapier!
* * * LOW HITPOINT WARNING * * *
Unknown command.
You aren't carrying any items that you can evoke.
Okay, then.
You closely miss Duvessa.
Duvessa is almost dead.
Duvessa hits you with a +0 rapier!
You die...

#.#.# #.#.# # #.#.#
#.###.#.# .......#
#....# #...#########
#....)e@...#
#..########.#####..#
#.#.# #.^.......#
#.#.ยง# #..#####...
#.#...# #..#
.......# #..#
######.## #..# #.
#..#######.
#..........


You could see Duvessa (berserk).

Vanquished Creatures
  An ogre (D:4)
  Dowan (D:5)
  2 orc priests (D:4)
  A centaur skeleton (D:4)
  A bullfrog skeleton (D:5)
  2 worker ants (D:4)
  4 adders
  An ooze (D:3)
  An adder zombie (D:2)
  2 adder skeletons
  3 worms
  A dart slug (D:1)
  3 leopard geckos
  4 orcs
  A bat skeleton (D:2)
  A bat zombie (D:2)
  2 giant cockroaches
  3 goblins
  6 hobgoblins
  3 jackals (D:3)
  4 quokkas
  12 bats
  4 frilled lizards
  8 kobolds
  A leopard gecko zombie (D:2)
  8 rats
80 creatures vanquished.

Vanquished Creatures (others)
  A fulminant prism (D:5)
1 creature vanquished.

Grand Total: 81 creatures vanquished

Notes
Turn   | Place    | Note
-------+----------+-------------------------------------------
     0 | D:1      | ANON1729 the Draconian Conjurer began the quest for the
                  | Orb.
     0 | D:1      | Reached XP level 1. HP: 14/14 MP: 3/3
   351 | D:1      | Reached XP level 2. HP: 17/20 MP: 0/5
  1770 | D:2      | Reached XP level 3. HP: 22/26 MP: 6/6
  2680 | D:2      | Reached XP level 4. HP: 28/33 MP: 8/8
  4060 | D:3      | Learned a level 2 spell: Searing Ray
  4064 | D:3      | Learned a level 3 spell: Dazzling Flash
  4147 | D:4      | Got a jewelled whip
  4148 | D:4      | Identified the +6 whip "Dow Dem" {pain, MR++ Int+4 Dex+5}
                  | (You found it on level 4 of the Dungeon)
  4263 | D:4      | Reached XP level 5. HP: 38/38 MP: 5/9
  4271 | D:4      | Reached skill level 5 in Conjurations
  4533 | D:4      | Noticed an ogre
  4539 | D:4      | Killed an ogre
  4539 | D:4      | Reached skill level 1 in Hexes
  4539 | D:4      | Reached XP level 6. HP: 45/45 MP: 5/11
  4545 | D:4      | Learned a level 4 spell: Fulminant Prism
  4909 | D:5      | Entered Level 5 of the Dungeon
  4987 | D:5      | Noticed Duvessa
  4987 | D:5      | Noticed Dowan
  5008 | D:5      | Killed Dowan
  5011 | D:5      | Slain by Duvessa

Illustrated notes

Levels and vault maps discovered:
D:1:      psy_arrival_radial01, layout_basic, chequers_decorated_corner
D:2:      layout_loops_corners, serial_undead, serial_undead_f, serial_undead_a,
          serial_undead_d, serial_undead_c
D:3:      layout_loops_ring
D:4:      layout_loops_ring
D:5:      layout_basic, lemuel_round_altar, minmay_temple_entry_grid,
          cheibrodos_sewer_entry_sluice, uniq_eustachio, uniq_duvessa

Skill      XL: |  1  2  3  4  5  6 |
---------------+-------------------+-----
Dodging        | 2 3 |  3.1
Stealth        | 2 3 |  3.1
Spellcasting   | 3 |  3.9
Conjurations   | 5 |  5.5
Hexes          | 1 |  1.4

Action                   |  1- 3 |  4- 6 || total
-------------------------+-------+-------++-------
Melee: Unarmed           |     4 |       ||     4
       Whip              |    66 |   108 ||   174
       Tailslap          |     3 |     8 ||    11
 Cast: Magic Dart        |    35 |    16 ||    51
       Searing Ray       |       |     4 ||     4
       Fulminant Prism   |       |     1 ||     1
  Use: Scroll            |       |     6 ||     6
 Stab: Sleeping          |     4 |     7 ||    11
Armor: Skin              |    18 |    43 ||    61
Dodge: Dodged            |    46 |    77 ||   123

Table legend:
 A = Non-vault XP
 B = Vault XP
 C = Vault XP percentage of total XP
 D = Non-vault monster count
 E = Vault monster count
 F = Vault count percentage of total count
                 A         B        C        D         E       F
            +---------+---------+-------+---------+---------+-------
      Total |     535 |      85 |  13.7 |      74 |       6 |   7.5
            +---------+---------+-------+---------+---------+-------
        D:1 |      29 |       0 |   0.0 |      20 |       0 |   0.0
        D:2 |      68 |      16 |  19.0 |      20 |       5 |  20.0
        D:3 |      60 |       0 |   0.0 |      19 |       0 |   0.0
        D:4 |     339 |       0 |   0.0 |      14 |       0 |   0.0
        D:5 |      39 |      69 |  63.9 |       1 |       1 |  50.0
            +---------+---------+-------+---------+---------+-------
